 Dungeon Crawl Stone Soup version 0.20.1-1-g8b1a95d (webtiles) character file.

269 Vourdeox the Skirmisher (level 6, -2/56 HPs)
             Began as a Minotaur Berserker on Nov 30, 2017.
             Was an Initiate of Gozag.
             Slain by Edmund
             ... wielding a +5 flail of crushing
              (6 damage)
             ... on level 6 of the Dungeon.
             The game lasted 00:21:25 (1785 turns).

Vourdeox the Skirmisher (Minotaur Berserker)        Turns: 1785, Time: 00:21:27

Health: -2/56      AC: 13    Str: 24    XL:     6   Next: 1%
Magic:  5/5        EV: 10    Int:  4    God:    Gozag
Gold:   88         SH:  0    Dex:  9    Spells: 5/5 levels left

rFire    . . .     SeeInvis .   y - +2 mace (protect)
rCold    . . .     Gourm    .   (no shield)
rNeg     . . .     Faith    .   l - +0 scale mail
rPois    .         Spirit   .   (helmet restricted)
rElec    .         Reflect  .   (no cloak)
rCorr    .         Harm     .   (no gloves)
MR       .....                  (no boots)
Stlth    ..........             x - amulet of inaccuracy
Regen    0.2/turn               (no ring)
MPRegen  0.1/turn               (no ring)

@: about to teleport, protection aura, heavily drained
A: retaliatory headbutt, horns 2
a: Potion Petition, Call Merchant, Bribe Branch, Renounce Religion


You were on level 6 of the Dungeon.
You worshipped Gozag.
Gozag was noncommittal.
You were not hungry.

You visited 2 branches of the dungeon, and saw 7 of its levels.

You collected 158 gold pieces.
You paid 70 gold pieces to Gozag.

Inventory:

Hand Weapons
 a - a +0 spear
 k - a +1 short sword of speed
 r - a +1 vampiric dagger
 y - a +2 mace of protection (weapon)
 A - a +0 battleaxe
Armour
 b - a +0 animal skin
 d - a cursed -2 helmet
 e - a +0 leather armour
 l - a +0 scale mail (worn)
 m - a +0 ring mail
 z - a +0 ring mail
Jewellery
 i - an uncursed amulet of harm
 x - an amulet of inaccuracy (around neck)
Potions
 h - 2 potions of mutation {unknown}
 p - a potion of cancellation {unknown}
 q - a potion of resistance {unknown}
 t - a potion of curing {unknown}
Comestibles
 c - 5 bread rations
 g - 2 fruits
 w - a meat ration


   Skills:
 + Level 5.3(3.8) Fighting
 - Level 3.7(2.2) Short Blades
 * Level 1.2(0.0) Maces & Flails
 - Level 4.2(2.8) Polearms
 + Level 3.4(2.0) Armour
 + Level 2.5(1.2) Dodging
 + Level 0.5(0.0) Stealth


You had 5 spell levels left.
You didn't know any spells.

Dungeon Overview and Level Annotations

Branches:
Dungeon (6/15)             Temple (1/1) D:5

Altars:
Ashenzari
Cheibriados
Dithmenos
Elyvilon
Fedhas
Gozag
Hepliaklqana
Kikubaaqudgha
Nemelex Xobeh
Okawaru
Qazlal
Ru
Sif Muna
Trog
Vehumet
Xom
Yredelemnul
The Shining One

Annotations:
D:6 Edmund


Innate Abilities, Weirdness & Mutations

You reflexively headbutt those who attack you in melee.
You have a pair of horns on your head.


Message History

It was a scroll of remove curse.
The ice beast barely misses you.
As you read the scroll labeled COUMUT TAUTT, it crumbles to dust.
You feel aware of your surroundings.
You sensed 1 altar.
It was a scroll of magic mapping.
The ice beast closely misses you.
As you read the scroll labeled HOUG FACAFRAJ, it crumbles to dust.
You feel strangely unstable.
It was a scroll of teleportation.
Edmund hits you with a flail of crushing.
* * * LOW HITPOINT WARNING * * *
x2 The ice beast hits you.
* * * LOW HITPOINT WARNING * * *
The ice beast freezes you.
* * * LOW HITPOINT WARNING * * *
Unknown command.
You sock Edmund!
Your weapon exudes an aura of protection.
Your headbutt misses Edmund.
Edmund is moderately wounded.
Edmund hits you with a flail of crushing.
You die...
Your body crumbles into a pile of gold.

**,**********,,,,,,,**,* *,*
,,,,,,,,,,$,........#*,* *,*
************#?......##,* *,* *
#........,,* *,* * *.......****
*,* * *,.....,* *,* * *,,...,,*
*,* * *,*#@#*** *,* *********
*,*#@# *<* ,,,,,,,,* *,*#Y# *,*
*******,****#,*#J# *,*
,,,,,,,,..,*#.*#O# *,*
,*******....#.##o#########,******
,* *,#.....KKK........,,,,,,, ,*
***,.#.#.#*,*#,##.##.o...#,,* *
,* ***,,,****,*###*..._...,* *


You could see Edmund, an ice beast, a big kobold, an ogre, a jelly, an orc and 3
kobolds.

Vanquished Creatures
  An ogre (D:4)
  An orc wizard (D:5)
  Natasha (D:2)
  7 adders
  3 worms
  2 dart slugs
  5 orcs (D:5)
  4 giant cockroaches
  4 goblins
  4 hobgoblins
  5 jackals
  A quokka (D:2)
  2 ball pythons
  2 bats (D:1)
  3 frilled lizards
  10 kobolds
  3 rats
58 creatures vanquished.

Vanquished Creatures (others)
  8 toadstools (D:5)
8 creatures vanquished.

Grand Total: 66 creatures vanquished

Notes
Turn   | Place    | Note
-------+----------+-------------------------------------------
     0 | D:1      | Vourdeox the Minotaur Berserker began the quest for the Orb.
     0 | D:1      | Reached XP level 1. HP: 19/19 MP: 0/0
   231 | D:1      | Reached XP level 2. HP: 27/27 MP: 1/1
   293 | D:1      | Reached skill level 4 in Fighting
   574 | D:2      | Reached XP level 3. HP: 33/33 MP: 2/2
   588 | D:2      | Reached ** piety under Trog
   739 | D:2      | Reached XP level 4. HP: 31/41 MP: 3/3
   800 | D:2      | Noticed Natasha
   809 | D:2      | Reached skill level 5 in Fighting
   809 | D:2      | Reached skill level 1 in Short Blades
   820 | D:2      | Killed Natasha
   982 | D:3      | Found a basalt altar of Yredelemnul.
  1180 | D:3      | Found a sparkling altar of Nemelex Xobeh.
  1188 | D:3      | Fell from the grace of Trog
  1188 | D:3      | Became a worshipper of Nemelex Xobeh the Trickster
  1244 | D:4      | Received a gift from Nemelex Xobeh
  1251 | D:4      | Reached XP level 5. HP: 48/48 MP: 4/4
  1357 | D:4      | Noticed an ogre
  1364 | D:4      | Killed an ogre
  1416 | D:5      | Entered Level 5 of the Dungeon
  1443 | D:5      | Found a staircase to the Ecumenical Temple.
  1449 | Temple   | Entered the Ecumenical Temple
  1653 | Temple   | Fell from the grace of Nemelex Xobeh
  1653 | Temple   | Became a worshipper of Gozag Ym Sagoz the Greedy
  1751 | D:5      | Reached skill level 1 in Maces & Flails
  1753 | D:5      | Reached XP level 6. HP: 43/56 MP: 5/5
  1765 | D:6      | Found a shattered altar of Ashenzari.
  1765 | D:6      | Noticed an ice beast
  1767 | D:6      | Found a radiant altar of Vehumet.
  1768 | D:6      | Found a stormy altar of Qazlal.
  1768 | D:6      | Found a deep blue altar of Sif Muna.
  1768 | D:6      | Found a shadowy altar of Dithmenos.
  1768 | D:6      | Found a bloodstained altar of Trog.
  1778 | D:6      | Noticed Edmund
  1785 | D:6      | Slain by Edmund

Skill      XL: |  1  2  3  4  5 |
---------------+----------------+-----
Fighting       | 4 5 |  5.3
Polearms       | 4 |  4.2
Short Blades   | 2 3 |  3.7
Armour         | 3 |  3.4
Maces & Flails | 1 |  1.2
Dodging        | |  2.5
Stealth        | |  0.5

Action                   |  1- 3 |  4- 6 || total
-------------------------+-------+-------++-------
Melee: Spear             |    25 |       ||    25
       Headbutt          |     6 |    11 ||    17
       Short sword       |    42 |    59 ||   101
       Mace              |       |    30 ||    30
Invok: Trog's Hand       |     1 |       ||     1
       Berserk           |       |     1 ||     1
Evoke: Deck              |       |     1 ||     1
  Use: Scroll            |       |     5 ||     5
  Eat: Chunk             |       |     4 ||     4
Armor: Animal skin       |     1 |       ||     1
       Leather armour    |     1 |       ||     1
       Scale mail        |    18 |    19 ||    37
Dodge: Dodged            |    28 |    29 ||    57
